 Dungeon Crawl Stone Soup version 0.20-a0-1126-g0f15420 (webtiles) character file.

774 FastMan the Chopper (level 7, -3/45 HPs)
             Began as a Gargoyle Gladiator on May 17, 2017.
             Splashed by an oklob sapling's acid (6 damage)
             ... on level 5 of the Dungeon.
             The game lasted 00:03:44 (3811 turns).

FastMan the Chopper (Gargoyle Gladiator)            Turns: 3811, Time: 00:03:45

Health: -3/45      AC:  8    Str: 20    XL:     7   Next: 84%
Magic:  7/7        EV: 17    Int:  8    God:
Gold:   289        SH:  0    Dex: 16    Spells: 6/6 levels left

rFire    . . .     SeeInvis .   a - +0 war axe
rCold    . . .     Gourm    .   (no shield)
rNeg     + . .     Faith    .   t - +1 ring mail (curse)
rPois    ∞         Spirit   .   m - +2 helmet
rElec    +         Reflect  .   w - +0 cloak
rCorr    .         Harm     .   (no gloves)
MR       .....                  (no boots)
Stlth    ++........             (no amulet)
Regen    0.2/turn               p - +2 ring of protection
MPRegen  0.1/turn               (no ring)

@: agile, corroded
A: negative energy resistance 1, electricity resistance, unbreathing,
petrification resistance, rot immunity, AC +4
a: no special abilities


You were on level 5 of the Dungeon.
You were not hungry.

You visited 1 branch of the dungeon, and saw 7 of its levels.

You collected 289 gold pieces.

Inventory:

Hand Weapons
 a - a +0 war axe (weapon)
Missiles
 d - 2 throwing nets (quivered)
Armour
 m - a +2 helmet (worn)
 t - a cursed +1 ring mail (worn)
 w - a +0 cloak (worn)
 y - a +0 chain mail
Jewellery
 b - an uncursed amulet of magic regeneration {unknown}
 p - a +2 ring of protection (left hand)
Scrolls
 c - a scroll of blinking {unknown}
 e - a scroll of noise {unknown}
 h - a scroll of remove curse {unknown}
 j - 3 scrolls of teleportation {@r3}
 o - 2 scrolls of amnesia {unknown}
 u - 2 scrolls of enchant weapon {unknown}
 v - a scroll of enchant armour
 B - a scroll of fog {unknown}
Potions
 g - a potion of invisibility {unknown}
 k - a potion of berserk rage {unknown}
 l - a potion of might {@q4}
 n - a potion of mutation
 r - 3 potions of curing {@q1}
 x - 2 potions of ambrosia {unknown}
 z - a potion of brilliance {unknown}
 A - a potion of flight {unknown}
Comestibles
 f - 7 bread rations {@e1}
 i - a royal jelly {@e3}
 s - 2 meat rations {@e2}
 C - a chunk of flesh


   Skills:
 + Level 5.6 Fighting
 * Level 6.9 Axes
 - Level 1.7 Throwing
 - Level 2.4 Dodging


You had 6 spell levels left.
You didn't know any spells.

Dungeon Overview and Level Annotations

Branches:
Dungeon (7/15)             Temple (0/1) D:5

Altars:

Annotations:
D:5 exclusion: oklob sapling


Innate Abilities, Weirdness & Mutations

You are resistant to torment.
Your stone body is resilient. (AC +4)
You are immune to poison.
You resist negative energy. (rN+)
You are resistant to electric shocks. (rElec)
You can survive without breathing.
You are immune to petrification.
You are immune to rotting.


Message History

The oklob sapling spits acid at you. The splash of acid misses you.
The splash of acid hits the plant.
The plant is splashed with acid.
You hit the oklob sapling but do no damage.
The oklob sapling is severely damaged.
You hit the plant but do no damage. x4
You hit the oklob sapling but do no damage.
The oklob sapling is severely damaged.
You hit the plant but do no damage. x4
The oklob sapling spits acid at you. The splash of acid hits you!
The acid corrodes you!
You are splashed with acid!
The acid burns!
Unknown command.
An ice beast comes into view.
There is a staircase to the Ecumenical Temple here.
The oklob sapling spits acid at you. The splash of acid hits you!
* * * LOW HITPOINT WARNING * * *
The acid corrodes you!
You are splashed with acid!
The acid burns!
You die...

##Y. ## .......
#...#.#######
#...#.......#
#..P..PP....#
###...PPP.P...#
#....PP.PPPP..#
#.##..#.P.@PPP.#
#.......PP.PP.##
....
#.####.P.PP..P##
.... #.#
#......P...# #...
#.###.#.#..#.#.#
#...
#.....#....#.#.# ...
#.##..#..#.#.# #
#.###.....#..#.#..
###.........#..#...#


You could see an ice beast (sleeping) and an oklob sapling.

Vanquished Creatures
  A phantom (D:4)
  A centaur (D:6)
  A howler monkey (D:6)
  A centaur zombie (D:6)
  3 orc wizards
  An orc priest (D:3)
  4 hounds (D:4)
  Crazy Yiuf (D:4)
  3 worker ants (D:4)
  Ijyb (D:4)
  4 adders
  A shadow imp (D:6)
  2 oozes
  4 worms (D:2)
  4 dart slugs
  2 leopard geckos
  12 orcs
  6 bats
  5 giant cockroaches
  5 goblins
  11 hobgoblins
  4 jackals
  5 quokkas
  A ball python (D:3)
  7 frilled lizards
  A jackal zombie (D:5)
  7 kobolds
  15 rats
  3 fungi (D:4)
  A plant (D:5)
117 creatures vanquished.

Notes
Turn   | Place    | Note
-------+----------+-------------------------------------------
     0 | D:1      | FastMan the Gargoyle Gladiator began the quest for the Orb.
     0 | D:1      | Reached XP level 1. HP: 12/12 MP: 1/1
    91 | D:1      | Reached skill level 3 in Axes
   191 | D:1      | Reached XP level 2. HP: 18/18 MP: 2/2
   396 | D:2      | Reached XP level 3. HP: 22/22 MP: 3/3
   757 | D:2      | Reached XP level 4. HP: 23/28 MP: 4/4
  1003 | D:3      | Reached skill level 4 in Axes
  1127 | D:3      | Reached XP level 5. HP: 25/33 MP: 5/5
  2186 | D:4      | Reached skill level 5 in Axes
  2258 | D:4      | Reached XP level 6. HP: 28/38 MP: 6/6
  2562 | D:4      | Found a runed door.
  2671 | D:4      | Noticed Crazy Yiuf
  2678 | D:4      | Killed Crazy Yiuf
  2725 | D:4      | Noticed a phantom
  2745 | D:4      | Killed a phantom
  2745 | D:4      | Reached skill level 6 in Axes
  2745 | D:4      | Reached XP level 7. HP: 34/44 MP: 7/7
  2775 | D:4      | Reached skill level 5 in Fighting
  2797 | D:4      | Noticed Ijyb
  2817 | D:4      | Killed Ijyb
  2970 | D:4      | You fall through a shaft for 3 floors!
  3768 | D:5      | Entered Level 5 of the Dungeon
  3787 | D:5      | Found a staircase to the Ecumenical Temple.
  3811 | D:5      | Splashed by an oklob sapling's acid

Vault maps used:
D:1:      tarquinn_simple_flora_water_f
D:2:      minmay_cut_off
D:3:      first_bread
D:4:      uniq_ijyb, uniq_crazy_yiuf_cottage
D:5:      cheibrodos_two_vegetables, minmay_temple_entry_oklob, serial_shops,
          kennysheep_little_box, basic_altar, tgw_trog, uniq_duvessa

Skill      XL: |  1  2  3  4  5  6  7 |
---------------+----------------------+-----
Axes           | 3 4 5 6 |  6.9
Fighting       | 3 4 5 |  5.6
Throwing       | |  1.7
Dodging        | |  2.4

Action                   |  1- 3 |  4- 6 |  7- 9 || total
-------------------------+-------+-------+-------++-------
Melee: War axe           |   109 |   207 |   112 ||   428
Throw: Throwing net      |       |     1 |       ||     1
  Use: Scroll            |       |     7 |       ||     7
       Potion            |       |       |     1 ||     1
 Stab: Sleeping          |     1 |     3 |       ||     4
       Held in net/web   |       |     1 |       ||     1
  Eat: Chunk             |       |     6 |     4 ||    10
Armor: Leather armour    |    58 |    74 |       ||   132
       Ring mail         |       |    66 |    47 ||   113
Dodge: Dodged            |    98 |   133 |    71 ||   302
